 Dungeon Crawl Stone Soup version 0.30-a0-779-g7971cf19c3 (webtiles) character file.

Game seed: 11331394392847162116

258 KleinerIrrer the Trooper (level 5, -6/47 (48) HPs)
             Began as a Draconian Chaos Knight on Feb 17, 2023.
             Was a Plaything of Xom.
             Mangled by Crazy Yiuf
             ... wielding a +3 quarterstaff of chaos
              (9 damage)
             ... on level 2 of the Dungeon.
             The game lasted 00:05:07 (1478 turns).

KleinerIrrer the Trooper (Draconian Chaos Knight)   Turns: 1478, Time: 00:05:08

HP:   -6/47 (48)    AC:  5    Str: 13 (15) XL:     5   Next: 94%
MP:   2/5           EV: 13    Int:  9 (12) God:    Xom [.*....]
Gold: 128           SH:  0    Dex: 11 (12) Spells: 4/4 levels left

rFire   . . .      SeeInvis .    a - +0 falchion (chaos)
rCold   . . .      Faith    .    (no shield)
rNeg    + . .      Spirit   .    (body armour unavailable)
rPois   +          Reflect  .    (helmet restricted)
rElec   .          Harm     .    (no cloak)
rCorr   .          Rampage  .    (no gloves)
Will    +....                    (no boots)
Stlth   +                        (no amulet)
HPRegen 0.27/turn                g - ring of positive energy
MPRegen 0.09/turn                l - ring of poison resistance

@: lightly drained, unable to drink
A: AC +5, unfitting armour, cold-blooded, deterioration 1, strong-willed 1,
inability to drink after injury 1
a: Renounce Religion


You were on level 2 of the Dungeon.
You worshipped Xom.
You were a plaything of Xom.
You visited 1 branch of the dungeon, and saw 2 of its levels.

You collected 128 gold pieces.

Inventory:

Hand Weapons
 a - a +0 falchion of chaos (weapon)
Missiles
 i - a throwing net
Jewellery
 g - a ring of positive energy (left hand)
 l - a ring of poison resistance (right hand)
Scrolls
 c - 2 scrolls of vulnerability
 d - a scroll of teleportation {unknown}
 e - a scroll of magic mapping {unknown}
 h - a scroll of immolation {unknown}
 j - 2 scrolls of identify {unknown}
Miscellaneous
 b - a piece from Xom's chessboard (14/15) (quivered)


   Skills:
 + Level 5.0 Fighting
 + Level 4.5 Long Blades
 + Level 3.7 Dodging


You had 4 spell levels left.
You didn't know any spells.
Your spell library was empty.

Dungeon Overview and Level Annotations

Branches:
Dungeon (2/15)

Altars:

Shops:
D:2 [:*[*

Annotations:
D:2 Crazy Yiuf


Innate Abilities, Weirdness & Mutations

Your plain brown scales are hard. (AC +5)
You cannot fit into any form of body armour.
You are cold-blooded and may be slowed by cold attacks.
Your body sometimes deteriorates upon taking damage.
You are strong-willed. (Will+)
You occasionally lose the ability to drink potions when taking damage.


Message History

There is an escape hatch in the floor, spattered with blood here.
Things that are here:
a +1 spear of chaos; 6 stones; a gnoll corpse
There is an open door here.
You see here 5 stones.
There is an open door here.
You see here 7 stones.
You now have 128 gold pieces (gained 5).
Found a hammer.
Found a runed translucent door.
Crazy Yiuf shouts!
Crazy Yiuf glowers.
Crazy Yiuf considers dialectic materialism.
As you open the door, it creaks loudly!
You hit Crazy Yiuf.
Crazy Yiuf suddenly seems more agile.
Xom is highly amused!
Crazy Yiuf is lightly wounded.
Crazy Yiuf hits you with a +3 quarterstaff of chaos.
You partially resist.
You feel drained. Crazy Yiuf barely misses you.
You hit Crazy Yiuf but do no damage.
Crazy Yiuf is lightly wounded.
Crazy Yiuf hits you with a +3 quarterstaff of chaos!
You hit Crazy Yiuf.
Crazy Yiuf is poisoned.
Crazy Yiuf is moderately wounded.
Crazy Yiuf hits you with a +3 quarterstaff of chaos!
You feel your power leaking away.
You hit Crazy Yiuf.
Crazy Yiuf looks as sick as possible!
Crazy Yiuf is heavily wounded.
Crazy Yiuf hits you with a +3 quarterstaff of chaos!
You hit Crazy Yiuf.
Crazy Yiuf is severely wounded.
Crazy Yiuf hits you with a +3 quarterstaff of chaos!
* * * LOW HITPOINT WARNING * * *
Crazy Yiuf draws strength from your wounds!
It was a potion of mutation.
You feel extremely strange.
You feel yourself wasting away.
You feel strong-willed.
You occasionally lose the ability to drink potions when taking damage.
Xom roars with laughter!
Crazy Yiuf hits you with a +3 quarterstaff of chaos!
You feel threatened and lose the ability to drink potions!
You die...

#.#
#....####....#.#†.#.
#.# #....#
###.##.#..#. #.#
#....# #.##.#..#.
#.# #...##
#....#..#. #.# ##.##
####.#..#. ###.#
#.## #...... #...##
##.# ###....
##.##.## #.##
##.##.## ##......###
##@# #####...#.##
##.........# #g#
#'..........
#........### ...
#####...#.##
.........# #...#
##.##.# .........#
#..)# ####.##
.........# #####
##...# #.......##
##.###. ##......#
### #..# #. #......#
#^# #..###.


You could see Crazy Yiuf (agile, extremely poisoned).

Vanquished Creatures
  Sigmund (D:2)
  Robin (D:2)
  3 gnolls (D:2)
  A worm (D:2)
  A dart slug (D:2)
  2 endoplasms (D:2)
  4 giant cockroaches
  9 goblins (D:2)
  6 hobgoblins
  2 kobolds
  3 quokkas (D:2)
  5 ball pythons
  7 bats
  2 frilled lizards (D:1)
  5 rats
52 creatures vanquished.

Vanquished Creatures (collateral kills)
  A bat (D:1)
  A frilled lizard (D:1)
  A rat (D:1)
3 creatures vanquished.

Vanquished Creatures (others)
  3 fungi (D:1)
3 creatures vanquished.

Grand Total: 58 creatures vanquished

Notes
Turn   | Place    | Note
-------+----------+-------------------------------------------
     0 | D:1      | KleinerIrrer the Draconian Chaos Knight began the quest for
                  | the Orb.
     0 | D:1      | Reached XP level 1. HP: 19/19 MP: 1/1
     8 | D:1      | XOM: silly message
    48 | D:1      | XOM: divination: magic mapping
    73 | D:1      | Reached XP level 2. HP: 26/26 MP: 2/2
   216 | D:1      | XOM: divination: magic mapping
   396 | D:1      | Found a faded altar of an unknown god.
   522 | D:2      | Noticed Sigmund
   523 | D:2      | XOM: divination: detect creatures
   527 | D:2      | XOM: divination: detect items
   530 | D:2      | XOM: divination: magic mapping
   550 | D:2      | XOM: potion effect (might)
   574 | D:2      | Reached XP level 3. HP: 33/33 MP: 3/3
   577 | D:2      | Found Beuzestreh's Antique Armour Boutique.
   603 | D:2      | Found Tahothic's Assorted Antiques.
   693 | D:2      | XOM: noise
   738 | D:2      | Found Qeufolir's Antique Armour Boutique.
   799 | D:2      | Found Weewk's Book Shop.
   811 | D:2      | XOM: silly message
   889 | D:2      | Killed Sigmund
   890 | D:2      | Reached skill level 4 in Fighting
   890 | D:2      | Reached XP level 4. HP: 27/41 MP: 4/4
   890 | D:2      | Reached XP level 5. HP: 31/47 MP: 5/5
   981 | D:2      | Noticed Robin
  1020 | D:2      | Killed Robin
  1098 | D:2      | Found Gairiw's General Store.
  1124 | D:2      | XOM: chaos upgrade
  1307 | D:2      | XOM: confusion (+ monsters)
  1308 | D:2      | Reached skill level 5 in Fighting
  1468 | D:2      | Found a runed translucent door.
  1469 | D:2      | Noticed Crazy Yiuf
  1478 | D:2      | Gained mutation: Your body sometimes deteriorates upon
                  | taking damage. [potion of mutation]
  1478 | D:2      | Gained mutation: You are strong-willed. (Will+) [potion of
                  | mutation]
  1478 | D:2      | Gained mutation: You occasionally lose the ability to drink
                  | potions when taking damage. [potion of mutation]
  1478 | D:2      | Mangled by Crazy Yiuf

Illustrated notes

Levels and vault maps discovered:
D:1:      dpeg_arrival_refuge, layout_rooms,
          shapermc_ecumenical_altar_acropolis, minmay_pentomino_x2
D:2:      layout_loops_corners, serial_shops, shop_statue, shop_fountains,
          nicolae_lakefront_shop, shop, nicolae_shop_hallway_plus,
          amcnicky_mini_pool_small, uniq_sigmund, uniq_robin,
          uniq_crazy_yiuf_cottage

Skill      XL: |  1  2  3  4  5 |
---------------+----------------+-----
Fighting       | 4 5 |  5.0
Long Blades    | 4 |  4.5
Dodging        | 3 |  3.7

Action                     |  1- 3 |  4- 6 || total
---------------------------+-------+-------++-------
  Melee: Falchion          |    72 |    66 ||   138
         Tailslap          |     6 |    11 ||    17
         Punch             |       |     1 ||     1
  Evoke: Piece from Xom's  |     6 |     1 ||     7
    Use: Scroll            |     1 |       ||     1
         Potion            |       |     3 ||     3
   Stab: Distracted        |     1 |       ||     1
         Sleeping          |     1 |       ||     1
 Armour: Skin              |    29 |    14 ||    43
  Dodge: Dodged            |    66 |    53 ||   119

Table legend: (Time is in decaauts)
 A = Elapsed time spent in this place.
 B = Non-inter-level travel time spent in this place.
 C = Inter-level travel time spent in this place.
 D = Time resting spent in this place.
 E = Time spent auto-exploring this place.
 F = Levels seen in this place.
 G = Mean time per level.
                   A        B        C        D        E       F      G
               +--------+--------+--------+--------+--------+-----+--------+
         Total |   1485 |   1414 |     71 |    170 |    822 |   2 |  742.5 |
       Dungeon |   1485 |   1414 |     71 |    170 |    822 |   2 |  742.5 |
               +--------+--------+--------+--------+--------+-----+--------+

Top non-repeatable levels by time:
     D:2: 914 daAuts
     D:1: 571 daAuts
